 Dungeon Crawl Stone Soup version 0.19-a0-1002-g674d22e (webtiles) character file.

48 mrath the Cudgeler (level 3, -1/31 HPs)
             Began as a Minotaur Fighter on July 18, 2016.
             Slain by a quokka (4 damage)
             ... on level 3 of the Dungeon.
             The game lasted 00:05:53 (1697 turns).

mrath the Cudgeler (Minotaur Fighter)               Turns: 1697, Time: 00:05:53

Health: -1/31      AC:  6    Str: 21    XL:     3   Next: 50%
Magic:  2/2        EV:  7    Int:  5    God:
Gold:   130        SH:  9    Dex:  9    Spells: 0 memorised, 2 levels left

rFire  . . .     SeeInvis .     a - +0 flail
rCold  . . .     Gourm    .     b - +0 scale mail
rNeg   . . .     Faith    .     c - +0 shield
rPois  .         Spirit   .     (helmet restricted)
rElec  .         Dismiss  .     (no cloak)
rCorr  .         Reflect  .     (no gloves)
SustAt .         Harm     .     (no boots)
MR     .....                    (no amulet)
Stlth  ..........               (no ring)
                                (no ring)

@: drained, not resistant to hostile enchantments, extremely unstealthy
A: retaliatory headbutt, horns 2
a: no special abilities


You were on level 3 of the Dungeon.
You were hungry.

You visited 1 branch of the dungeon, and saw 3 of its levels.

You collected 130 gold pieces.

Inventory:

Hand Weapons
 a - a +0 flail (weapon)
 o - a +2 mace of draining
Armour
 b - a +0 scale mail (worn)
 c - a +0 shield (worn)
Jewellery
 s - an uncursed ring of poison resistance {unknown}
 u - an uncursed ring of fire {unknown}
Scrolls
 i - a scroll of enchant weapon {unknown}
 j - 2 scrolls of remove curse {unknown}
 k - 3 scrolls of identify {unknown}
 l - a scroll of teleportation {unknown}
 m - 2 scrolls of enchant armour {unknown}
 n - a scroll of magic mapping {unknown}
 q - a scroll of recharging {unknown}
 v - a scroll of blinking {unknown}
 w - 2 scrolls of random uselessness {unknown}
Potions
 d - a potion of might
 e - 2 potions of degeneration {unknown}
 g - 2 potions of invisibility {unknown}
 h - a potion of haste {unknown}
 r - a potion of curing {unknown}
Comestibles
 f - 2 bread rations
 p - 7 chunks of flesh
 t - a slice of pizza
 x - a meat ration


   Skills:
 - Level 3.6(3.5) Fighting
 + Level 4.7(4.6) Maces & Flails
 - Level 3.6(3.5) Armour
 - Level 3.6(3.5) Shields


You had 2 spell levels left.
You didn't know any spells.

Dungeon Overview and Level Annotations

Branches:
Dungeon (3/15)

Altars:
Yredelemnul


Innate Abilities, Weirdness & Mutations

You reflexively headbutt those who attack you in melee.
You have a pair of horns on your head.


Message History

You headbutt the orc wizard.
The orc wizard hits you but does no damage.
You hit the orc wizard but do no damage.
The orc wizard is heavily wounded.
You block the quokka's attack.
The orc wizard hits you but does no damage. x2
The quokka bites you but does no damage.
Unknown command.
You miss the orc wizard.
The orc wizard is heavily wounded.
The orc wizard closely misses you.
The orc wizard hits you but does no damage.
You block the quokka's attack.
The orc wizard gestures at you while chanting.
The magic dart hits you!
* * * LOW HITPOINT WARNING * * *
The orc wizard hits you with a dagger.
* * * LOW HITPOINT WARNING * * *
The quokka bites you.
You die...

#.# #..# #
#.#
##.####.#
#.#
###......#
#.#
#.....##.#
#.######
#.....#
#......#
#...%.#
#<.....#
#.....##
##.....#
#####o.#
.'.....#
#r@#
##.....#
#.o..#
#.#####
#?#..# #.#
#.#..#
##'####
#.#..#
#.....#
#.##..
#.....# #.
...
#.....# #.
#..#
......#


You could see 2 orc wizards and a quokka.

Vanquished Creatures
  An adder (D:2)
  2 orcs (D:3)
  A ball python (D:3)
  2 bats (D:1)
  5 giant cockroaches
  4 goblins
  3 hobgoblins
  6 jackals
  3 kobolds
  A giant newt (D:2)
  7 rats
35 creatures vanquished.

Notes
Turn   | Place    | Note
-------+----------+-------------------------------------------
     0 | D:1      | mrath the Minotaur Fighter began the quest for the Orb.
     0 | D:1      | Reached XP level 1. HP: 19/19 MP: 0/0
   158 | D:1      | Reached skill level 3 in Maces & Flails
   280 | D:1      | Reached XP level 2. HP: 23/26 MP: 1/1
   780 | D:2      | Reached skill level 4 in Maces & Flails
  1213 | D:2      | Reached XP level 3. HP: 31/31 MP: 2/2
  1354 | D:2      | Found a basalt altar of Yredelemnul.
  1697 | D:3      | Slain by a quokka

Vault maps used:
D:1:      evilmike_arrival_hilbert_curve
D:2:      first_bread, hangedman_decor_clover_reticule, lemuel_statue_altar
D:3:      nemelex_altar_shiori

Skill      XL: |  1  2 |
---------------+-------+-----
Maces & Flails | 3 4 |  4.7
Fighting       | |  3.6
Armour         | |  3.6
Shields        | |  3.6

Action                   || total
-------------------------++-------
Melee: Flail             ||   106
       Headbutt          ||    13
  Eat: Chunk             ||     2
Armor: Scale mail        ||    50
Dodge: Dodged            ||    46
Block: Shield            ||    49
